[ PARTIDA AOE2 · #479400507 ]
UnrankedBritanos vs Teutons
Equipo del jugador · DERR
Equipo rival · VICT
[ ANÁLISIS DE REPETICIÓN · EXTRAÍDO DE LA PARTIDA GRABADA ]
Feudal
8:51
Castillos
22:12
Imperial
38:13
| APM promedio | 45.9 |
| APM pico | 84 |
| eAPM promedio | 20.4 |
| Aldeanos / militares | 145 / 78 |
Foco
⚔️ 35.8% · 🌾 64.2%
Skirmisher ×19 · Archer ×17 · Spearman ×15 · Knight ×11 · Longbowman ×7 · Scout Cavalry ×7
Feudal
9:24
Castillos
20:00
Imperial
37:13
| APM promedio | 67.0 |
| APM pico | 103 |
| eAPM promedio | 27.7 |
| Aldeanos / militares | 158 / 100 |
Foco
⚔️ 43.2% · 🌾 56.8%
Skirmisher ×74 · Knight ×17 · Trebuchet (Packed) ×5 · Monk ×3 · Spearman ×1
Mapa de la partida
Recursos iniciales + cada clic de construcción. Líneas = muros · curvas = relieve. ◆ oro · ⬟ piedra · ● bayas · ✦ reliquia · ◌ hueco del cierre
Tu base· Abierta — flanco sin cerrar
Base de John the Fearful· Abierta — hueco de 6t
Terreno inicial suavizado · ◌ = hueco del cierre detectado · pasá el cursor para detalles
Inputs por minuto
— wgxseed - - John the Fearful
Build order — wgxseed
Primeras 150 de 389 acciones detectadas
| 0:01 | Crear | Villager (Male) |
| 0:02 | Construir | House |
| 0:03 | Construir | House |
| 0:15 | Crear | Villager (Male) |
| 0:15 | Crear | Villager (Male) |
| 0:33 | Crear | Villager (Male) |
| 0:33 | Crear | Villager (Male) |
| 1:24 | Crear | Villager (Male) |
| 1:24 | Crear | Villager (Male) |
| 1:43 | Crear | Villager (Male) |
| 1:43 | Crear | Villager (Male) |
| 1:50 | Construir | Lumber Camp |
| 2:11 | Crear | Villager (Male) |
| 2:11 | Crear | Villager (Male) |
| 2:31 | Crear | Villager (Male) |
| 2:50 | Crear | Villager (Male) |
| 3:04 | Crear | Villager (Male) |
| 3:32 | Construir | House |
| 3:38 | Crear | Villager (Male) |
| 4:21 | Crear | Villager (Male) |
| 4:22 | Construir | Mill |
| 4:57 | Crear | Villager (Male) |
| 5:19 | Crear | Villager (Male) |
| 5:46 | Crear | Villager (Male) |
| 6:16 | Investigar | Loom |
| 6:29 | Investigar | Feudal Age |
| 8:44 | Construir | Barracks |
| 8:46 | Crear | Villager (Male) |
| 8:51 | Edad | Edad Feudal |
| 8:58 | Construir | Watch Tower |
| 9:04 | Investigar | Double-Bit Axe |
| 9:04 | Investigar | Double-Bit Axe |
| 9:04 | Investigar | Horse Collar |
| 9:05 | Investigar | Horse Collar |
| 9:14 | Crear | Villager (Male) |
| 9:19 | Investigar | Town Watch |
| 9:19 | Investigar | Town Watch |
| 9:22 | Construir | House |
| 9:24 | Construir | House |
| 9:31 | Construir | Archery Range |
| 9:33 | Crear | Spearman |
| 9:50 | Crear | Villager (Male) |
| 10:08 | Crear | Villager (Male) |
| 10:13 | Crear | Spearman |
| 10:21 | Construir | Palisade Wall |
| 10:22 | Construir | Palisade Wall |
| 10:23 | Construir | Palisade Wall |
| 10:24 | Construir | Palisade Wall |
| 10:29 | Crear | Skirmisher |
| 10:30 | Crear | Villager (Male) |
| 10:42 | Crear | Villager (Male) |
| 10:51 | Crear | Skirmisher |
| 11:12 | Crear | Skirmisher |
| 11:16 | Crear | Villager (Male) |
| 11:22 | Construir | Farm |
| 11:24 | Construir | Farm |
| 11:26 | Construir | House |
| 11:36 | Crear | Villager (Male) |
| 11:39 | Construir | Farm |
| 11:43 | Construir | Farm |
| 11:56 | Crear | Skirmisher |
| 12:03 | Construir | House |
| 12:13 | Construir | Mill |
| 12:22 | Crear | Villager (Male) |
| 12:26 | Construir | Farm |
| 12:41 | Crear | Skirmisher |
| 12:43 | Crear | Villager (Male) |
| 12:46 | Construir | Farm |
| 13:14 | Crear | Skirmisher |
| 13:15 | Crear | Villager (Male) |
| 13:15 | Crear | Villager (Male) |
| 13:23 | Construir | House |
| 13:24 | Construir | House |
| 13:32 | Crear | Skirmisher |
| 13:42 | Crear | Skirmisher |
| 13:59 | Construir | Farm |
| 14:00 | Crear | Villager (Male) |
| 14:01 | Construir | Farm |
| 14:13 | Crear | Skirmisher |
| 14:18 | Construir | Farm |
| 14:32 | Crear | Villager (Male) |
| 14:34 | Crear | Skirmisher |
| 14:43 | Construir | Farm |
| 14:48 | Crear | Skirmisher |
| 14:50 | Crear | Villager (Male) |
| 15:08 | Crear | Villager (Male) |
| 15:25 | Investigar | Wheelbarrow |
| 15:25 | Investigar | Wheelbarrow |
| 15:28 | Construir | Farm |
| 15:38 | Crear | Villager (Male) |
| 15:58 | Construir | Farm |
| 16:05 | Construir | Farm |
| 16:05 | Crear | Villager (Male) |
| 16:10 | Construir | House |
| 16:28 | Crear | Skirmisher |
| 16:33 | Construir | House |
| 16:53 | Construir | Mining Camp |
| 17:21 | Crear | Skirmisher |
| 17:29 | Crear | Villager (Male) |
| 17:44 | Construir | Lumber Camp |
| 17:48 | Crear | Skirmisher |
| 18:11 | Crear | Villager (Male) |
| 18:31 | Crear | Villager (Male) |
| 18:35 | Construir | Blacksmith |
| 18:58 | Crear | Villager (Male) |
| 19:20 | Investigar | Padded Archer Armor |
| 19:20 | Investigar | Padded Archer Armor |
| 19:32 | Investigar | Castle Age |
| 19:38 | Construir | Stable |
| 19:43 | Crear | Skirmisher |
| 19:58 | Construir | Stable |
| 20:04 | Investigar | Scale Barding Armor |
| 20:05 | Investigar | Scale Barding Armor |
| 20:15 | Construir | Farm |
| 20:23 | Crear | Scout Cavalry |
| 20:35 | Crear | Scout Cavalry |
| 20:37 | Investigar | Forging |
| 20:38 | Investigar | Forging |
| 20:40 | Crear | Villager (Male) |
| 20:43 | Construir | Farm |
| 20:58 | Crear | Scout Cavalry |
| 21:02 | Construir | House |
| 21:03 | Construir | House |
| 21:04 | Crear | Villager (Male) |
| 21:08 | Construir | Palisade Wall |
| 21:13 | Crear | Scout Cavalry |
| 21:26 | Crear | Villager (Male) |
| 21:34 | Crear | Scout Cavalry |
| 21:42 | Construir | Lumber Camp |
| 21:52 | Construir | Mining Camp |
| 22:12 | Edad | Edad de los Castillos |
| 22:18 | Investigar | Light Cavalry (upgrade) |
| 22:19 | Investigar | Light Cavalry (upgrade) |
| 22:29 | Crear | Villager (Male) |
| 22:31 | Crear | Knight |
| 22:38 | Crear | Villager (Male) |
| 22:42 | Crear | Villager (Male) |
| 22:49 | Crear | Villager (Male) |
| 22:56 | Crear | Villager (Male) |
| 23:20 | Investigar | Fletching |
| 23:20 | Investigar | Fletching |
| 23:21 | Crear | Villager (Male) |
| 23:26 | Crear | Knight |
| 23:26 | Crear | Knight |
| 23:35 | Construir | Town Center |
| 23:36 | Crear | Villager (Male) |
| 23:50 | Construir | House |
| 23:53 | Crear | Villager (Male) |
| 23:56 | Crear | Villager (Male) |
| 23:58 | Crear | Knight |
Build order — John the Fearful
Primeras 150 de 392 acciones detectadas
| 0:00 | Crear | Villager (Male) ×4 |
| 0:01 | Construir | House |
| 0:02 | Construir | House |
| 1:43 | Crear | Villager (Male) |
| 2:03 | Crear | Villager (Male) |
| 2:13 | Construir | Lumber Camp |
| 2:34 | Crear | Villager (Male) |
| 2:54 | Crear | Villager (Male) |
| 2:55 | Crear | Villager (Male) |
| 3:36 | Crear | Villager (Male) |
| 3:58 | Construir | House |
| 4:02 | Construir | Palisade Wall |
| 4:14 | Crear | Villager (Male) ×3 |
| 4:14 | Crear | Villager (Male) |
| 4:48 | Construir | Mill |
| 5:19 | Construir | Palisade Wall |
| 5:22 | Crear | Villager (Male) |
| 5:29 | Construir | House |
| 5:36 | Crear | Villager (Male) |
| 5:38 | Construir | Palisade Wall |
| 6:20 | Construir | Palisade Gate |
| 6:24 | Crear | Villager (Male) |
| 6:40 | Construir | Palisade Wall |
| 6:41 | Investigar | Loom |
| 7:10 | Construir | Palisade Wall |
| 7:11 | Construir | Palisade Wall |
| 7:14 | Investigar | Feudal Age |
| 7:33 | Construir | House |
| 7:36 | Construir | Palisade Wall |
| 7:56 | Construir | Palisade Wall |
| 7:57 | Construir | Palisade Wall |
| 8:05 | Construir | House |
| 8:14 | Construir | Barracks |
| 8:22 | Construir | Palisade Wall |
| 8:38 | Crear | Villager (Male) ×3 |
| 9:24 | Edad | Edad Feudal |
| 9:27 | Construir | Archery Range |
| 9:31 | Investigar | Double-Bit Axe |
| 9:32 | Investigar | Horse Collar |
| 9:47 | Construir | House |
| 9:53 | Crear | Villager (Male) |
| 10:08 | Construir | Lumber Camp |
| 10:13 | Crear | Villager (Male) |
| 10:22 | Crear | Skirmisher |
| 10:34 | Construir | Farm |
| 10:40 | Crear | Villager (Male) |
| 10:47 | Crear | Spearman |
| 10:50 | Construir | Farm |
| 10:58 | Crear | Skirmisher |
| 11:05 | Construir | Farm |
| 11:08 | Crear | Villager (Male) |
| 11:10 | Construir | Farm |
| 11:12 | Construir | Farm |
| 11:19 | Construir | Farm |
| 11:24 | Crear | Villager (Male) |
| 11:34 | Construir | Farm |
| 11:38 | Construir | Farm |
| 11:45 | Crear | Skirmisher |
| 11:49 | Construir | Farm |
| 11:49 | Construir | Farm |
| 12:03 | Crear | Villager (Male) |
| 12:03 | Crear | Villager (Male) |
| 12:06 | Construir | Farm |
| 12:13 | Construir | Farm |
| 12:15 | Construir | Farm |
| 12:22 | Crear | Skirmisher |
| 12:22 | Crear | Skirmisher |
| 12:32 | Crear | Villager (Male) |
| 12:36 | Construir | Farm |
| 12:38 | Construir | Farm |
| 12:40 | Construir | Farm |
| 12:56 | Construir | Farm |
| 12:57 | Crear | Villager (Male) |
| 12:58 | Crear | Skirmisher |
| 13:17 | Crear | Villager (Male) |
| 13:18 | Construir | Farm |
| 13:19 | Construir | Farm |
| 13:23 | Crear | Skirmisher |
| 13:28 | Construir | House |
| 13:54 | Crear | Villager (Male) |
| 13:56 | Construir | Farm |
| 13:57 | Construir | Farm |
| 13:59 | Crear | Villager (Male) |
| 14:14 | Crear | Villager (Male) |
| 14:20 | Crear | Skirmisher |
| 14:42 | Crear | Villager (Male) |
| 14:47 | Construir | Mining Camp |
| 14:51 | Crear | Skirmisher |
| 14:52 | Crear | Villager (Male) |
| 15:03 | Crear | Skirmisher |
| 15:04 | Crear | Villager (Male) |
| 15:23 | Construir | House |
| 15:24 | Construir | House |
| 15:35 | Investigar | Wheelbarrow |
| 15:39 | Construir | Blacksmith |
| 15:56 | Crear | Skirmisher |
| 15:59 | Crear | Villager (Male) |
| 16:43 | Construir | Farm |
| 17:02 | Crear | Skirmisher |
| 17:05 | Construir | Archery Range |
| 17:07 | Crear | Villager (Male) |
| 17:20 | Investigar | Castle Age |
| 17:26 | Crear | Skirmisher |
| 17:58 | Crear | Skirmisher |
| 18:00 | Crear | Skirmisher |
| 18:05 | Investigar | Fletching |
| 18:12 | Investigar | Gold Mining |
| 18:26 | Crear | Skirmisher |
| 18:26 | Crear | Skirmisher |
| 18:40 | Crear | Skirmisher |
| 18:40 | Crear | Skirmisher |
| 19:06 | Investigar | Padded Archer Armor |
| 19:06 | Investigar | Padded Archer Armor |
| 19:41 | Crear | Villager (Male) |
| 19:42 | Crear | Skirmisher |
| 19:42 | Crear | Skirmisher |
| 19:51 | Construir | House |
| 19:54 | Construir | House |
| 20:00 | Edad | Edad de los Castillos |
| 20:02 | Investigar | Elite Skirmisher (upgrade) |
| 20:03 | Investigar | Bodkin Arrow |
| 20:03 | Crear | Villager (Male) |
| 20:11 | Crear | Skirmisher |
| 20:11 | Crear | Skirmisher |
| 20:18 | Construir | House |
| 20:18 | Construir | House |
| 20:32 | Investigar | Bow Saw |
| 20:32 | Crear | Villager (Male) |
| 20:37 | Crear | Skirmisher |
| 20:37 | Crear | Skirmisher |
| 20:48 | Crear | Villager (Male) |
| 21:05 | Crear | Skirmisher |
| 21:27 | Crear | Villager (Male) |
| 21:27 | Crear | Villager (Male) |
| 21:28 | Crear | Skirmisher |
| 21:30 | Crear | Skirmisher |
| 21:44 | Construir | Stable |
| 21:51 | Crear | Skirmisher |
| 21:52 | Crear | Skirmisher |
| 22:02 | Crear | Villager (Male) |
| 22:14 | Crear | Villager (Male) |
| 22:27 | Investigar | Leather Archer Armor |
| 23:06 | Crear | Villager (Male) |
| 23:06 | Crear | Villager (Male) |
| 23:08 | Construir | Town Center |
| 23:11 | Crear | Knight |
| 23:11 | Crear | Knight |
| 23:12 | Crear | Villager (Male) |
| 23:33 | Investigar | Scale Barding Armor |
| 23:34 | Crear | Villager (Male) |
Cronología de la partida
| 4:02 | John the Fearful · wall_segment Palisade Wall x6 |
| 5:19 | John the Fearful · wall_segment Palisade Wall x6 |
| 5:38 | John the Fearful · wall_segment Palisade Wall x3 |
| 6:40 | John the Fearful · wall_segment Palisade Wall x3 |
| 7:10 | John the Fearful · wall_segment Palisade Wall x1 |
| 7:11 | John the Fearful · wall_segment Palisade Wall x1 |
| 7:36 | John the Fearful · wall_segment Palisade Wall x6 |
| 7:56 | John the Fearful · wall_segment Palisade Wall x1 |
| 7:57 | John the Fearful · wall_segment Palisade Wall x1 |
| 8:14 | John the Fearful · first_building Barracks |
| 8:22 | John the Fearful · wall_segment Palisade Wall x1 |
| 8:44 | wgxseed · first_building Barracks |
| 8:51 | wgxseed · age_up feudal |
| 9:24 | John the Fearful · age_up feudal |
| 9:27 | John the Fearful · first_building Archery Range |
| 9:31 | wgxseed · first_building Archery Range |
| 10:21 | wgxseed · wall_segment Palisade Wall x1 |
| 10:22 | wgxseed · wall_segment Palisade Wall x1 |
| 10:23 | wgxseed · wall_segment Palisade Wall x1 |
| 10:24 | wgxseed · wall_segment Palisade Wall x1 |
| 19:38 | wgxseed · first_building Stable |
| 20:00 | John the Fearful · age_up castle |
| 21:08 | wgxseed · wall_segment Palisade Wall x1 |
| 21:44 | John the Fearful · first_building Stable |
| 22:12 | wgxseed · age_up castle |
| 28:30 | John the Fearful · first_building Monastery |
| 30:17 | wgxseed · first_building Monastery |
| 34:02 | John the Fearful · first_market_sell 100 food |
| 34:02 | wgxseed · first_building Castle |
| 34:42 | John the Fearful · first_building Castle |
| 36:03 | John the Fearful · first_market_buy 100 wood |
| 37:13 | John the Fearful · age_up imperial |
| 37:35 | wgxseed · wall_segment Palisade Wall x11 |
| 38:13 | wgxseed · age_up imperial |
| 39:41 | wgxseed · resign |
[ ANÁLISIS IA · 1 CRÉDITO ]
¿Qué pasó realmente en esta partida?
Wolo.gg analiza cada decisión: build order, eco, micro, errores típicos por bracket. Análisis personalizado por WhatsApp o Discord en 30 segundos.
Guía civ
Britanos
Perfil
Jugador #2911169